 Dungeon Crawl Stone Soup version 0.25-b1-23-ge2ad7d536c (webtiles) character file.

Game seed: 3734367411235404014, levelgen mode: deterministic

10999 smbutler8 the Grappler (level 11, -3/101 HPs)
             Began as a Troll Fighter on May 28, 2020.
             Was an Elder of Okawaru.
             Slain by an acid dragon (4 damage)
             ... on level 11 of the Dungeon.
             The game lasted 01:18:29 (9074 turns).

smbutler8 the Grappler (Troll Fighter)              Turns: 9074, Time: 01:18:52

Health: -3/101     AC:  5    Str: 29    XL:     11   Next: 43%
Magic:  10/10      EV: 11    Int:  4    God:    Okawaru [****..]
Gold:   717        SH: 13    Dex:  9    Spells: 10/10 levels left

rFire    x . .     SeeInvis .     - Unarmed
rCold    + . .     Gourm    +   D - +2 kite shield
rNeg     . . .     Faith    .   z - +2 robe {MR+}
rPois    .         Spirit   .   (helmet restricted)
rElec    .         Reflect  .   y - +0 cloak
rCorr    .         Harm     .   (gloves unavailable)
MR       +....                  (boots unavailable)
Stlth    +.........             i - amulet of the acrobat
HPRegen  0.66/turn              g - ring of ice
MPRegen  0.12/turn              C - ring of wizardry

@: about to teleport, corroded
A: large, unfitting armour, claws 3, fast metabolism 3, gourmand, regeneration
1, shaggy fur 1, tough skin 3
a: Heroism, Renounce Religion


You were on level 11 of the Dungeon.
You worshipped Okawaru.
Okawaru was greatly pleased with you.
You were completely stuffed.

You visited 2 branches of the dungeon, and saw 12 of its levels.

You collected 717 gold pieces.

Inventory:

Hand Weapons
 a - a +2 vorpal flail
Missiles
 k - 7 large rocks
 m - 31 poisoned darts (quivered)
Armour
 y - a +0 cloak (worn)
 z - a +2 robe of magic resistance (worn)
 D - a +2 kite shield (worn)
Jewellery
 g - a ring of ice (left claw)
 i - an amulet of the acrobat (around neck)
 C - a ring of wizardry (right claw)
Wands
 r - a wand of flame (8)
 s - a wand of digging (15)
 v - a wand of iceblast (8)
Scrolls
 b - a scroll of identify
 f - 6 scrolls of teleportation
 h - 3 scrolls of enchant weapon
 l - 5 scrolls of remove curse
 p - a scroll of blinking {unknown}
 u - 3 scrolls of enchant armour
 w - a scroll of holy word {unknown}
Potions
 c - a potion of might
 e - a potion of mutation
 j - a potion of cancellation
 n - a potion of curing
 o - 2 potions of lignification
 q - 2 potions of ambrosia {unknown}
 t - a potion of resistance {unknown}
 x - a potion of stabbing {unknown}
 A - 2 potions of haste {unknown}
 B - 3 potions of brilliance {unknown}
Comestibles
 d - 21 rations
 E - 2 chunks of flesh


   Skills:
 + Level 4.9 Fighting
 + Level 4.4 Throwing
 + Level 4.9 Dodging
 - Level 9.0 Shields
 * Level 12.2 Unarmed Combat


You had 10 spell levels left.
You didn't know any spells.
Your spell library contained the following spells:

 Spells                   Type           Power        Failure   Level  Hunger
 Sting                    Tmut/Pois      #...         22%         1    ##.....
 Poisonous Vapours        Pois/Air       #.....       32%         2    ###....
 Ignite Poison            Fire/Tmut/Pois #.......     52%         3    ####...
 Mephitic Cloud           Conj/Pois/Air  #.......     52%         3    ####...
 Olgreb's Toxic Radiance  Pois           #.......     89%         4    #####..


Dungeon Overview and Level Annotations

Branches:
Dungeon (11/15)            Temple (1/1) D:6            Lair (0/6) D:10
    Orc (0/2) D:9

Altars:
Ashenzari
Cheibriados
Dithmenos
Elyvilon
Fedhas
Gozag
Hepliaklqana
Kikubaaqudgha
Makhleb
Nemelex Xobeh
Okawaru
Qazlal
Ru
Sif Muna
Trog
Uskayaw
Vehumet
Wu Jian
Xom
Yredelemnul
Zin
The Shining One

Shops:
D:6 [   D:11 %

Annotations:
D:1 exclusion: 2 downstairs
D:6 exclusion: ugly thing


Innate Abilities, Weirdness & Mutations

You are too large for most types of armour.
You have claws for hands.
Your metabolism is lightning-fast.
You like to eat raw meat.
Your natural rate of healing is unusually fast.
You are covered in fur. (AC +1)
You have extremely tough skin. (AC +3)


Message History

You scratch the red ugly thing.
The red ugly thing is severely wounded.
The acid dragon spits acid at you. The splash of acid hits you.
The acid corrodes you!
You are splashed with acid!
The red ugly thing tentacle-slaps you.
You are engulfed in flames!!
The fire burns you terribly!
You are too injured to fight recklessly!
You are too injured to fight recklessly!
You are too injured to fight recklessly!
You are too injured to fight recklessly!
You scratch the red ugly thing but do no damage.
The red ugly thing is severely wounded.
The acid dragon bites you. You block the acid dragon's attack.
As you read the scroll of teleportation, it crumbles to dust.
You feel strangely unstable. The red ugly thing tentacle-slaps you.
* * * LOW HITPOINT WARNING * * *
You are engulfed in flames!!
The fire burns you terribly!
* * * LOW HITPOINT WARNING * * *
The acid dragon bites you.
You die...

#### .. ###D@# ...# ###.S#u#
##.... #....#Y##....####
##.....S.........##
##.......≈.......... .# ##
#..................
...##.##...........#....##
....#..#...........#.....##.....
.......###............#.##.....#


You could see a red ugly thing, an acid dragon, a sky beast and 2 adders.

Vanquished Creatures
  4 death yaks
  A two-headed ogre (D:10)
  Pikel (D:7)
  An ugly thing (D:11)
  A gargoyle (D:10)
  Prince Ribbit (D:7)
  3 hippogriffs
  Sigmund (D:2)
  The ghost of tabstorm the Chopper, an amateur VSBe of Trog (D:5)
  Grum (D:10)
  A human (D:9)
  A steam dragon (D:10)
  Duvessa (D:4)
  Edmund (D:5)
  2 phantoms (D:9)
  2 ice beasts
  A sky beast (D:10)
  An eye of draining (D:11)
  4 orc warriors
  A slave (D:7)
  4 wolves (D:10)
  5 centaurs
  2 ogres (D:4)
  2 crocodiles
  A big kobold (D:8)
  Blork the orc (D:5)
  3 bullfrogs
  Dowan (D:4)
  4 scorpions
  14 killer bees
  4 howler monkeys
  A centaur zombie (D:9)
  5 bullfrog zombies
  3 quasits
  6 crimson imps
  3 hounds
  6 orc priests
  A bullfrog skeleton (D:11)
  12 orc wizards
  2 centaur skeletons
  Terence (D:2)
  4 iguanas
  Ijyb (D:5)
  8 worker ants
  A howler monkey zombie (D:5)
  3 gnolls (D:4)
  5 adders
  A howler monkey skeleton (D:7)
  A shadow imp (D:6)
  An ooze (D:1)
  An adder zombie (D:6)
  An adder skeleton (D:4)
  2 worms (D:4)
  A dart slug (D:2)
  8 leopard geckos
  32 orcs
  2 ball pythons
  5 giant cockroaches
  5 goblins
  10 hobgoblins
  23 jackals
  15 kobolds
  2 quokkas
  4 bats
  5 frilled lizards
  A leopard gecko skeleton (D:5)
  A quokka skeleton (D:7)
  8 rats
  A spectral orc (D:8)
263 creatures vanquished.

Vanquished Creatures (others)
  A slave (D:7)
  A bullfrog (D:7)
2 creatures vanquished.

Grand Total: 265 creatures vanquished

Notes
Turn   | Place    | Note
-------+----------+-------------------------------------------
     0 | D:1      | smbutler8 the Troll Fighter began the quest for the Orb.
     0 | D:1      | Reached XP level 1. HP: 22/22 MP: 0/0
   145 | D:1      | Reached XP level 2. HP: 29/29 MP: 1/1
   404 | D:1      | Found a shimmering altar of Xom.
   691 | D:2      | Noticed Terence
   714 | D:2      | Reached XP level 3. HP: 36/36 MP: 2/2
   714 | D:2      | Noticed Sigmund
   926 | D:2      | Killed Sigmund
   926 | D:2      | Reached skill level 3 in Unarmed Combat
   926 | D:2      | Reached XP level 4. HP: 22/44 MP: 3/3
   926 | D:2      | Reached XP level 5. HP: 25/50 MP: 4/4
  1220 | D:2      | Killed Terence
  1856 | D:3      | Found an opulent altar of Gozag.
  1956 | D:3      | Found a faded altar of an unknown god.
  2301 | D:4      | Reached skill level 4 in Unarmed Combat
  2301 | D:4      | Reached XP level 6. HP: 59/59 MP: 5/5
  2307 | D:4      | Reached skill level 5 in Shields
  2456 | D:4      | Reached XP level 7. HP: 66/66 MP: 6/6
  2539 | D:4      | Reached skill level 5 in Unarmed Combat
  2689 | D:4      | Noticed Dowan
  2690 | D:4      | Noticed Duvessa
  2700 | D:4      | Killed Duvessa
  2712 | D:4      | Killed Dowan
  2839 | D:4      | Found a shadowy altar of Dithmenos.
  3060 | D:5      | Entered Level 5 of the Dungeon
  3312 | D:5      | Reached XP level 8. HP: 74/74 MP: 7/7
  3417 | D:5      | Noticed Ijyb
  3430 | D:5      | Killed Ijyb
  3460 | D:5      | Noticed Blork the orc
  3476 | D:5      | Killed Blork the orc
  3476 | D:5      | Reached skill level 6 in Unarmed Combat
  3684 | D:5      | Noticed Edmund
  3692 | D:5      | Killed Edmund
  3760 | D:5      | Found a runed translucent gate.
  3762 | D:5      | Found a runed translucent gate.
  3764 | D:5      | Found a runed translucent gate.
  3765 | D:5      | Noticed tabstorm's ghost (amateur VSBe)
  3782 | D:5      | Killed tabstorm's ghost
  4070 | D:6      | Noticed a white ugly thing
  4097 | D:6      | Found a staircase to the Ecumenical Temple.
  4211 | Temple   | Entered the Ecumenical Temple
  4270 | Temple   | Became a worshipper of Warmaster Okawaru
  4324 | D:6      | Found Fyiklepn's Antique Armour Shoppe.
  4527 | D:6      | Reached skill level 7 in Unarmed Combat
  4527 | D:6      | Reached XP level 9. HP: 71/80 MP: 8/8
  4834 | D:7      | Noticed Pikel
  4847 | D:7      | Killed Pikel
  4847 | D:7      | Reached * piety under Okawaru
  4853 | D:7      | Reached skill level 8 in Unarmed Combat
  5042 | D:7      | Reached ** piety under Okawaru
  5042 | D:7      | Reached skill level 9 in Unarmed Combat
  5451 | D:7      | Noticed Prince Ribbit
  5459 | D:7      | Found an ancient bone altar of Kikubaaqudgha.
  5469 | D:7      | Killed Prince Ribbit
  5469 | D:7      | Reached skill level 10 in Unarmed Combat
  5494 | D:7      | Found a stormy altar of Qazlal.
  5676 | D:8      | Found a basalt altar of Yredelemnul.
  5855 | D:8      | Reached XP level 10. HP: 88/88 MP: 9/9
  5893 | D:8      | Reached *** piety under Okawaru
  5893 | D:8      | Reached skill level 1 in Throwing
  6405 | D:8      | Found a burning altar of Makhleb.
  6862 | D:9      | Found a shimmering blue altar of Sif Muna.
  6967 | D:9      | Found a staircase to the Orcish Mines.
  7348 | D:9      | Found a glowing silver altar of Zin.
  7348 | D:9      | Found a white marble altar of Elyvilon.
  7348 | D:9      | Found a glowing golden altar of the Shining One.
  7444 | D:10     | Entered Level 10 of the Dungeon
  7490 | D:10     | Reached **** piety under Okawaru
  7547 | D:10     | Noticed Grum
  7556 | D:10     | Reached skill level 11 in Unarmed Combat
  7755 | D:10     | Killed Grum
  8100 | D:10     | Noticed a death yak
  8100 | D:10     | Noticed a death yak
  8110 | D:10     | Noticed a death yak
  8111 | D:10     | Noticed a death yak
  8112 | D:10     | Noticed a two-headed ogre
  8113 | D:10     | Killed a death yak
  8140 | D:10     | Killed a death yak
  8265 | D:9      | Killed a death yak
  8265 | D:9      | Reached XP level 11. HP: 91/101 MP: 10/10
  8304 | D:10     | Found a bloodstained altar of Trog.
  8315 | D:10     | Received a gift from Okawaru
  8481 | D:10     | Found a staircase to the Lair.
  8820 | D:10     | Killed a two-headed ogre
  8820 | D:10     | Reached skill level 12 in Unarmed Combat
  8864 | D:10     | Killed a death yak
  8973 | D:11     | Found Gafofoig's Food Shop.
  8973 | D:11     | Noticed a white ugly thing
  8991 | D:11     | Received a gift from Okawaru
  9041 | D:11     | Noticed a red ugly thing
  9069 | D:11     | Killed a red ugly thing
  9074 | D:11     | HP: 1/101 [red ugly thing (28)]
  9074 | D:11     | Slain by an acid dragon

Illustrated notes

Levels and vault maps discovered:
D:1:      dpeg_arrival_rooms_a, layout_loops_ring, serial_bayou_pond_b,
          xom_teletrap_fun
D:2:      layout_basic, kennysheep_generic_room_3, uniq_sigmund, uniq_terence
D:3:      layout_basic, nicolae_gozag_seed_capital,
          chequers_ecumenical_altar_twisty, first_ration
D:4:      layout_basic, nicolae_overflow_crystal_walls, uniq_duvessa
D:5:      layout_loops_ring, gammafunk_ghost_necromancy, uniq_ijyb,
          uniq_blork_the_orc, uniq_edmund
D:6:      minmay_chambers_of_sixes, layout_loops_cross,
          minmay_temple_entry_mist, serial_shops, shop, minmay_circle_x
D:7:      layout_cave_pools, minitemple, uniq_pikel, uniq_prince_ribbit1
D:8:      layout_loops_corners, makhleb_altar_promises_db,
          yredelemnul_forgotten_temple_becter
D:9:      layout_irregular_city, good_gods_mini_temple, orc_david_3,
          grunt_pizzeria, lemuel_blue_sif_altar
D:10:     layout_loops_ring, dpeg_lair_monsters, bloody_trog, uniq_grum
D:11:     layout_cave_pools, serial_shops, shop
Temple:   cyrus_circular_temple

Skill      XL: |  1  2  3  4  5  6  7  8  9 10 11 |
---------------+----------------------------------+-----
Shields        | 3 4 5 6 8 9 |  9.0
Unarmed Combat | 3 4 5 7 10 11 12 | 12.2
Throwing       | 3 4 |  4.4
Fighting       | 4 |  4.9
Dodging        | 4 |  4.9

Action                   |  1- 3 |  4- 6 |  7- 9 | 10-12 || total
-------------------------+-------+-------+-------+-------++-------
Melee: Unarmed           |    83 |   122 |   349 |   361 ||   915
Throw: Dart              |       |       |       |     3 ||     3
Invok: Heroism           |       |       |       |     2 ||     2
Evoke: Wand              |       |       |     1 |       ||     1
  Use: Potion            |     1 |       |     1 |     4 ||     6
       Scroll            |       |    10 |     4 |     6 ||    20
  Eat: Chunk             |    14 |    14 |    30 |    31 ||    89
Armor: Robe              |    28 |    30 |    87 |    90 ||   235
Dodge: Dodged            |    23 |    25 |    87 |   154 ||   289
Block: Kite shield       |    30 |    52 |   179 |   252 ||   513
